 Dungeon Crawl Stone Soup version 0.29-a0-283-ga02f740833 (webtiles) character file.

Game seed: 2890702834435626735

88208 Majang the Unseen (level 16, -1/101 HPs)
             Began as a Kobold Delver on Mar 12, 2022.
             Was the Champion of Dithmenos.
             Slain by a fenstrider witch (13 damage)
             ... while paralysed by a fenstrider witch
             ... on level 4 of the Swamp on Mar 13, 2022.
             The game lasted 02:30:06 (22395 turns).

Majang the Unseen (Kobold Delver)                  Turns: 22395, Time: 02:30:07

Health: -1/101     AC: 13    Str:  9    XL:     16   Next: 39%
Magic:  24/24      EV:  3    Int: 13    God:    Dithmenos [******]
Gold:   1184       SH:  0    Dex: 29    Spells: 15/15 levels left

rFire   + + .      SeeInvis +   b - +7 quick blade "Eletisir" {vorpal, rF+ Dex+3}
rCold   . . .      Faith    .   (no shield)
rNeg    . . .      Spirit   .   k - +1 leather armour {rPois}
rPois   +          Reflect  .   r - +1 helmet
rElec   .          Harm     .   l - scarf {+Inv}
rCorr   +          Rampage  .   s - +2 pair of gloves "Cidait" {-Cast rCorr SInv}
Will    +....      NoCast   +   C - +2 pair of boots Stlth ****++++++
                                (no amulet)
HPRegen 0.26/turn               j - ring of flight
MPRegen 0.19/turn               u - ring "Rukhloy" {Contam rF+ Dex+3 Slay+4}

@: paralysed, flying, wreathed by umbra
A: small, no large weapons, nightstalker 3
a: Renounce Religion, Evoke Invisibility, Shadow Step, Shadow Form


You were on level 4 of the Swamp.
You worshipped Dithmenos.
Dithmenos was exalted by your worship.
You visited 5 branches of the dungeon, and saw 25 of its levels.

You collected 1864 gold pieces.
You spent 680 gold pieces at shops.

Inventory:

Hand Weapons
 a - a +4 short sword of holy wrath
 b - the +7 quick blade "Eletisir" (weapon) {vorpal, rF+ Dex+3}
   (You acquired it on level 3 of the Lair of Beasts)

   It inflicts extra damage upon your enemies.
   Dex:       It affects your dexterity (+3).
   rF:        It protects you from fire.
 m - a +4 scimitar
 M - the +9 dagger of the Hills {vorpal, rC+ Int+2 Dex+2 Stlth+}
   (You found it on level 2 of the Dungeon)

   It inflicts extra damage upon your enemies.
   Int:       It affects your intelligence (+2).
   Dex:       It affects your dexterity (+2).
   rC:        It protects you from cold.
   Stlth:     It makes you more stealthy.
 P - the +3 dagger of Burning Slow Death {spect, +Blink rElec rPois rC+}
   (You found it on level 5 of the Lair of Beasts)

   When its wielder attacks, the weapon's spirit leaps out and strikes again.
   The spirit shares a part of any damage it takes with its wielder.
   rC:        It protects you from cold.
   rElec:     It insulates you from electricity.
   rPois:     It protects you from poison.
   +Blink:    It lets you blink.
Missiles
 E - 4 throwing nets (quivered)
Armour
 i - a scarf of resistance
 k - a +1 leather armour of poison resistance (worn)
 l - a scarf of invisibility (worn)
 r - a +1 helmet (worn)
 s - the +2 pair of gloves "Cidait" (worn) {-Cast rCorr SInv}
   (You found it on level 6 of the Lair of Beasts)

   SInv:      It lets you see invisible.
   -Cast:     It prevents spellcasting.
   rCorr:     It protects you from acid and corrosion.
 z - a +2 robe of resistance
 B - a +0 troll leather armour
 C - a +2 pair of boots (worn)
 D - a +0 kite shield of reflection
Jewellery
 j - a ring of flight (left hand)
 p - a ring of protection from fire
 u - the ring "Rukhloy" (right hand) {Contam rF+ Dex+3 Slay+4}
   (You acquired it on level 7 of the Dungeon)

   [ring of slaying]

   Dex:       It affects your dexterity (+3).
   Slay:      It affects your accuracy & damage with ranged weapons and melee
   (+4).
   rF:        It protects you from fire.
   Contam:    It causes magical contamination when unequipped.
 J - a ring of poison resistance
 U - a ring of resist corrosion
Wands
 g - a wand of digging (3)
 n - a wand of iceblast (7)
 v - a wand of mindburst (7)
 y - a wand of flame (10)
 A - a wand of acid (12)
 F - a wand of polymorph (11)
 H - a wand of charming (8)
 Q - a wand of paralysis (12)
Scrolls
 c - 4 scrolls of blinking
 d - 6 scrolls of magic mapping
 e - 4 scrolls of fear
 o - 15 scrolls of teleportation
 t - 2 scrolls of immolation
 I - 5 scrolls of identify
 K - 2 scrolls of fog
 L - 3 scrolls of enchant weapon
Potions
 f - 6 potions of haste
 h - 15 potions of curing
 q - 5 potions of mutation
 w - a potion of resistance
 x - 2 potions of berserk rage
 N - 4 potions of attraction
 O - 4 potions of heal wounds
 R - a potion of might
Miscellaneous
 G - a box of beasts
 V - a lightning rod (4/4)


   Skills:
 + Level 12.1 Fighting
 - Level 9.9(14.6) Short Blades
 * Level 11.3(12.0) Long Blades
 - Level 6.0 Armour
 + Level 12.4 Dodging
 + Level 15.8 Stealth
 + Level 10.9 Invocations
 + Level 12.2 Evocations


You had 15 spell levels left.
You didn't know any spells.
Your spell library contained the following spells:

 Spells                   Type           Power      Damage    Failure   Level
 Summon Small Mammal      Summ           0%         N/A       38%         1
 Blink                    Tloc           0%         N/A       52%         2
 Corpse Rot               Necr/Air       0%         N/A       52%         2
 Sublimation of Blood     Necr           0%         N/A       52%         2
 Call Canine Familiar     Summ           0%         N/A       77%         3
 Lesser Beckoning         Tloc           0%         N/A       77%         3
 Ozocubu's Armour         Ice            0%         N/A       77%         3
 Summon Guardian Golem    Hex/Summ       0%         N/A       77%         3
 Dispel Undead            Necr           0%         3d6       99%         4
 Summon Lightning Spire   Summ/Air       0%         N/A       99%         4
 Agony                    Necr           0%         N/A       100%        5
 Manifold Assault         Tloc           0%         N/A       100%        5
 Metabolic Englaciation   Hex/Ice        0%         N/A       100%        5
 Death Channel            Necr           0%         N/A       100%        6
 Simulacrum               Ice/Necr       0%         N/A       100%        6
 Ozocubu's Refrigeration  Ice            0%         4d5       100%        7
 Storm Form               Tmut/Air       0%         N/A       100%        7
 Maxwell's Capacitive Co  Air            0%         ∞         100%        8
 Chain Lightning          Conj/Air       0%         N/A       100%        9
 Dragon's Call            Summ           0%         N/A       100%        9
 Fire Storm               Conj/Fire      0%         5d1       100%        9
 Shatter                  Erth           0%         3d5*      100%        9


Dungeon Overview and Level Annotations

Branches:
Dungeon (12/15)            Temple (1/1) D:4            Lair (6/6) D:9
  Swamp (4/4) Lair:2       Spider (0/4) Lair:4        Slime (0/5) Lair:5
    Orc (2/2) D:10            Elf (0/3) Orc:2

Altars:
Ashenzari
Cheibriados
Dithmenos
Elyvilon
Fedhas
Gozag
Hepliaklqana
Kikubaaqudgha
Makhleb
Nemelex Xobeh
Okawaru
Qazlal
Ru
Sif Muna
Trog
Uskayaw
Vehumet
Wu Jian
Xom
Yredelemnul
Zin
The Shining One
Jiyva
Lugonu

Shops:
D:6 :   D:7 [   D:10 (   Orc:2 =*?[

Portals:
Abyss: Lair:6

Annotations:
Swamp:2 Roxanne


Innate Abilities, Weirdness & Mutations

You are small and have problems with some larger weapons.
You are completely attuned to the shadows.


Message History

The bunyip completely misses you. The bunyip claws you!!
The bunyip closely misses you.
You puncture the fenstrider witch!
The fenstrider witch is heavily wounded.
Your shadow hits the fenstrider witch with a quick blade.
You hit the fenstrider witch.
The fenstrider witch is severely wounded.
The fenstrider witch completely misses you.
The fenstrider witch kicks you!
You puncture the fenstrider witch!
The fenstrider witch is severely wounded.
Your shadow misses the fenstrider witch.
The vampire mosquito completely misses you.
You completely miss the fenstrider witch.
The fenstrider witch is severely wounded.
Your shadow closely misses the fenstrider witch.
You barely miss the fenstrider witch.
The fenstrider witch is severely wounded.
The vampire mosquito completely misses you.
The fenstrider witch points at you and mumbles some strange words.
You suddenly lose the ability to move!
The vampire mosquito enters a dispersal trap!
The fenstrider witch blinks!
The vampire mosquito blinks! x2
The bunyip blinks!
You blink.
The vampire mosquito blinks!
The vampire mosquito completely misses you.
The fenstrider witch points at you and mumbles some strange words.
Your body is wracked with pain!
You emit a cloud of dark smoke.
The vampire mosquito bites you but does no damage.
The vampire mosquito bites you but does no damage.
The fenstrider witch hits you!
* * * LOW HITPOINT WARNING * * *
The fenstrider witch barely misses you.
The vampire mosquito bites you but does no damage.
The vampire mosquito bites you!
* * * LOW HITPOINT WARNING * * *
The vampire mosquito draws strength from your injuries!
The fenstrider witch hits you.
* * * LOW HITPOINT WARNING * * *
The fenstrider witch kicks you!
You die...

.♣♣♣ ♣♣≈≈.≈.≈)≈
≈≈≈≈ ♣†≈≈≈≈≈≈.♣
≈≈≈.♣♣§≈≈≈≈≈≈.♣
≈≈.§♣≈≈≈≈≈≈≈.♣
≈.≈≈.≈§...≈.≈≈.♣♣♣
..≈≈x≈≈≈§♣♣♣≈.♣♣
.≈.≈≈≈≈≈.♣ ♣♣♣♣
♣≈.Hy§≈≈♣♣
♣≈.§@§.♣ §≈≈y§§≈♣
≈.≈..♣♣♣ ....♣.
≈.≈≈ ≈


You could see a bunyip, a fenstrider witch and 2 vampire mosquitoes.

Vanquished Creatures
  Jorgrun (Swamp:1)
  A thorn hunter (Swamp:2)
  Donald (Swamp:2)
  2 ghouls (Swamp:2)
  An eleionoma (Swamp:2)
  Nessos (Lair:4)
  A bunyip (Swamp:2)
  An ettin (D:10)
  A boulder beetle (Lair:3)
  A spriggan air mage (Swamp:2)
  7 hydras
  2 ghost crabs
  4 two-headed ogres
  4 alligators
  14 death yaks (Lair:6)
  Urug (Lair:5)
  2 thrashing horrors (Lair:6)
  Sonja (Lair:5)
  2 large abominations (Lair:6)
  Amaemon (D:9)
  3 skeletal warriors (D:12)
  6 goliath frogs
  A spriggan druid (Swamp:3)
  2 swamp dragons
  7 bog bodies
  4 orc knights (Orc:2)
  2 cyclopes
  3 orc sorcerers
  5 ugly things
  2 manticores
  3 black mambas
  A smoke demon (Lair:6)
  A gargoyle (D:11)
  A molten gargoyle (Lair:3)
  7 cane toads
  3 rime drakes
  An orange demon (D:9)
  An unseen horror (D:7)
  5 komodo dragons
  A kobold demonologist (D:11)
  Psyche (D:9)
  A bloated husk (Swamp:1)
  6 trolls
  3 ancient zymes (Lair:6)
  Grinder (D:4)
  7 tyrant leeches
  31 blink frogs
  6 dream sheep (Lair:5)
  5 slime creatures (D:12)
  4 spriggans
  A shadow (D:10)
  5 wyverns
  2 wraiths
  43 yaks
  A fire elemental (Lair:3)
  2 steam dragons
  7 basilisks
  5 chaos spawn (Lair:6)
  8 small abominations (Lair:6)
  5 vampire mosquitoes
  Menkaure (D:4)
  4 wargs (Orc:2)
  5 swamp worms
  12 water moccasins
  An acid dragon (D:11)
  35 orc warriors
  A sky beast (D:5)
  2 ice beasts
  A black bear (D:6)
  11 wolves (Lair:2)
  17 centaurs
  2 ogres
  A phantom (D:5)
  6 bullfrogs
  A necrophage (Swamp:2)
  A gnoll sergeant (D:8)
  12 wights
  20 killer bees
  2 electric eels
  4 howler monkeys
  3 lava snakes (Lair:3)
  4 hounds
  2 gnoll shamans
  13 orc priests
  Ijyb (D:3)
  Terence (D:2)
  5 iguanas
  23 orc wizards
  3 hell rats (Lair:5)
  Robin (D:2)
  7 adders
  9 gnolls
  A white imp (D:5)
  2 worms (D:2)
  2 dart slugs
  72 orcs
  5 ball pythons
  5 bats
  7 endoplasms
  4 giant cockroaches
  7 goblins
  7 hobgoblins
  5 jackals (D:1)
  12 kobolds
  3 quokkas
  4 frilled lizards
  7 rats
606 creatures vanquished.

Vanquished Creatures (others)
  An orc (Orc:2)
  19 fungi
  34 plants
54 creatures vanquished.

Grand Total: 660 creatures vanquished

Notes
Turn   | Place    | Note
-------+----------+-------------------------------------------
     0 | D:5      | Majang the Kobold Delver began the quest for the Orb.
     0 | D:5      | Reached XP level 1. HP: 14/14 MP: 1/1
    91 | D:5      | Reached XP level 2. HP: 19/19 MP: 2/2
   139 | D:4      | Noticed Grinder
   202 | D:2      | Noticed Terence
   209 | D:2      | Killed Terence
   210 | D:2      | Reached XP level 3. HP: 24/24 MP: 3/3
   411 | D:1      | Found a faded altar of an unknown god.
   461 | D:1      | Reached XP level 4. HP: 26/29 MP: 4/4
   857 | D:1      | Reached skill level 5 in Short Blades
  1273 | D:2      | Noticed Robin
  1286 | D:2      | Reached XP level 5. HP: 27/33 MP: 5/5
  1317 | D:2      | Killed Robin
  1523 | D:2      | Identified the +9 dagger of the Hills {vorpal, rC+ Int+2
                  | Dex+2 Stlth+}
  2120 | D:3      | Noticed Ijyb
  2124 | D:3      | Killed Ijyb
  2232 | D:3      | Reached skill level 1 in Evocations
  2232 | D:3      | Reached XP level 6. HP: 39/39 MP: 6/6
  2373 | D:4      | Killed Grinder
  2374 | D:4      | Reached skill level 5 in Fighting
  2374 | D:4      | Reached skill level 7 in Stealth
  2374 | D:4      | Reached XP level 7. HP: 44/44 MP: 7/7
  2402 | D:4      | Found a staircase to the Ecumenical Temple.
  2465 | Temple   | Entered the Ecumenical Temple
  2769 | Temple   | Became a worshipper of Dithmenos the Shadowed
  3238 | D:4      | Noticed Menkaure
  3242 | D:4      | Killed Menkaure
  3588 | D:4      | Reached skill level 1 in Invocations
  3597 | D:4      | Reached XP level 8. HP: 48/49 MP: 8/8
  4016 | D:5      | Noticed a komodo dragon
  4021 | D:5      | Killed a komodo dragon
  4022 | D:5      | Reached skill level 8 in Stealth
  4705 | D:6      | Reached XP level 9. HP: 55/55 MP: 11/11
  4897 | D:6      | Reached skill level 5 in Dodging
  5428 | D:6      | Found Tyass's Book Shop.
  5926 | D:7      | Identified a scroll of acquirement
  5926 | D:7      | Acquired the ring "Rukhloy" {Contam rF+ Dex+3 Slay+4}
  6005 | D:7      | Reached * piety under Dithmenos
  6118 | D:7      | Reached skill level 9 in Stealth
  6314 | D:7      | Found a hazy altar of Hepliaklqana.
  6345 | D:7      | Reached skill level 1 in Long Blades
  6349 | D:7      | Reached skill level 5 in Evocations
  6451 | D:7      | Found Fat-Frumos's Dragon-Slaying Spoils.
  7048 | D:7      | Killed an unseen horror
  7049 | D:7      | Reached XP level 10. HP: 17/61 MP: 13/13
  7892 | D:8      | Reached skill level 5 in Invocations
  7901 | D:8      | Reached skill level 10 in Stealth
  7904 | D:8      | Reached ** piety under Dithmenos
  8654 | D:9      | Noticed Psyche
  8689 | D:9      | Killed Psyche
  8736 | D:9      | Noticed a two-headed ogre
  8740 | D:9      | Killed a two-headed ogre
  8741 | D:9      | Reached skill level 1 in Armour
  8741 | D:9      | Reached XP level 11. HP: 68/68 MP: 15/15
  8887 | D:9      | Noticed Amaemon
  8892 | D:9      | Killed Amaemon
  8896 | D:9      | Reached skill level 5 in Long Blades
  9184 | D:9      | Found a staircase to the Lair.
  9211 | D:9      | Noticed a cyclops
  9226 | D:9      | Killed a cyclops
  9275 | Lair:1   | Entered Level 1 of the Lair of Beasts
  9351 | Lair:1   | Reached skill level 11 in Stealth
 10092 | Lair:2   | Noticed a four-headed hydra
 10104 | Lair:2   | Killed a four-headed hydra
 10171 | Lair:2   | Reached XP level 12. HP: 75/75 MP: 16/16
 10457 | Lair:2   | Reached *** piety under Dithmenos
 10629 | Lair:2   | Found a staircase to the Swamp.
 11355 | Lair:3   | Reached skill level 12 in Stealth
 11731 | Lair:3   | Acquired the +7 quick blade "Eletisir" {vorpal, rF+ Dex+3}
 11825 | Lair:3   | Noticed a boulder beetle
 11829 | Lair:3   | Killed a boulder beetle
 11921 | Lair:4   | Noticed Nessos
 11925 | Lair:4   | Killed Nessos
 11947 | Lair:4   | Found a hole to the Spider Nest.
 12644 | Lair:5   | Reached XP level 13. HP: 80/80 MP: 18/18
 12710 | Lair:5   | Identified the +3 dagger of Burning Slow Death {spect,
                  | +Blink rElec rPois rC+}
 12883 | Lair:5   | Noticed a four-headed hydra
 12887 | Lair:5   | Killed a four-headed hydra
 13017 | Lair:5   | Reached **** piety under Dithmenos
 13097 | Lair:5   | Noticed Urug
 13101 | Lair:5   | Killed Urug
 13106 | Lair:5   | Noticed Sonja
 13119 | Lair:5   | Killed Sonja
 13222 | Lair:5   | Found a staircase to the Slime Pits.
 13222 | Lair:5   | Found a viscous altar of Jiyva.
 13232 | Lair:5   | Reached skill level 13 in Stealth
 13400 | Lair:6   | Entered Level 6 of the Lair of Beasts
 13524 | Lair:6   | Reached skill level 10 in Dodging
 13674 | Lair:6   | Reached skill level 10 in Fighting
 14024 | Lair:6   | Reached skill level 5 in Armour
 14051 | Lair:6   | Reached ***** piety under Dithmenos
 14165 | Lair:6   | Noticed an eight-headed hydra
 14200 | Lair:6   | Reached XP level 14. HP: 81/88 MP: 20/20
 14230 | Lair:6   | Reached skill level 10 in Evocations
 14351 | Lair:6   | Identified the +2 pair of gloves "Cidait" {-Cast rCorr
                  | SInv}
 14694 | Lair:6   | Identified the +2 chain mail of Duck's Teeth {rN+++ Will+}
 14799 | Lair:6   | Identified the +10 longbow "Paarety" {vorpal, rCorr}
 14918 | Lair:6   | Reached skill level 14 in Stealth
 15228 | Lair:6   | Found a corrupted altar of Lugonu.
 15272 | Lair:6   | Found a one-way gate to the infinite horrors of the Abyss.
 15602 | D:10     | Entered Level 10 of the Dungeon
 16149 | D:10     | Found a staircase to the Orcish Mines.
 16202 | D:10     | Found Deteuf's Weapon Shop.
 16467 | Orc:1    | Entered Level 1 of the Orcish Mines
 16753 | Orc:2    | Entered Level 2 of the Orcish Mines
 16771 | Orc:2    | Reached ****** piety under Dithmenos
 16854 | Orc:2    | Reached XP level 15. HP: 91/93 MP: 22/22
 16963 | Orc:2    | Found a staircase to the Elven Halls.
 17029 | Orc:2    | Noticed an orc warlord
 17585 | Orc:2    | Reached skill level 10 in Long Blades
 18185 | Orc:2    | Found Jaanuhah's Magic Scroll Boutique.
 18185 | Orc:2    | Found Riosch's General Store.
 18185 | Orc:2    | Found Xaninouw's Jewellery Emporium.
 18186 | Orc:2    | Found Utumos's Antique Armour Shop.
 18190 | Orc:2    | Bought a glowing scarf for 248 gold pieces
 18197 | Orc:2    | Bought 2 potions of curing for 72 gold pieces
 18197 | Orc:2    | Bought a potion of heal wounds for 60 gold pieces
 18197 | Orc:2    | Bought a wand of iceblast (4) for 96 gold pieces
 18197 | Orc:2    | Bought a wand of iceblast (3) for 84 gold pieces
 18197 | Orc:2    | Bought 2 potions of heal wounds for 120 gold pieces
 18818 | D:11     | Reached skill level 10 in Invocations
 19365 | D:12     | Got the Incunabulum of Creation and Black Secrets
 19473 | D:12     | Reached skill level 15 in Stealth
 20175 | Swamp:1  | Entered Level 1 of the Swamp
 20243 | Swamp:1  | Noticed Jorgrun
 20247 | Swamp:1  | Killed Jorgrun
 21098 | Swamp:2  | Noticed a ghoul
 21100 | Swamp:2  | Noticed a ghoul
 21102 | Swamp:2  | Killed a ghoul
 21103 | Swamp:2  | Reached XP level 16. HP: 101/101 MP: 23/23
 21149 | Swamp:2  | Noticed Donald
 21172 | Swamp:2  | Killed Donald
 21378 | Swamp:2  | Identified Roxanne's Disquisition on Stones
 21378 | Swamp:2  | Noticed Roxanne
 21576 | Swamp:2  | Noticed a thorn hunter
 21695 | Swamp:2  | Killed a thorn hunter
 21799 | Swamp:2  | Upgraded the game from 0.29-a0-275-g389c0b56f3 to
                  | 0.29-a0-283-ga02f740833
 22279 | Swamp:4  | Entered Level 4 of the Swamp
 22299 | Swamp:4  | Noticed a fenstrider witch
 22392 | Swamp:4  | Paralysed by a fenstrider witch for 7 turns
 22395 | Swamp:4  | Slain by a fenstrider witch

Illustrated notes

Levels and vault maps discovered:
D:1:      pf_arrival_petrified_forest, layout_loops_ring,
          hellmonk_ecumenical_altar_leap_of_faith, hangedman_decor_growths
D:2:      layout_basic, minmay_pentomino_pile, uniq_terence, uniq_robin
D:3:      layout_basic, minmay_fountain_box, uniq_ijyb
D:4:      mumra_celtic_spiral_tile, layout_loops_ring,
          minmay_temple_entry_statues, minmay_small_thing, uniq_menkaure,
          uniq_grinder
D:5:      layout_basic
D:6:      layout_loops_corners, serial_shops, nicolae_square_shop
D:7:      layout_layer_cave, lemuel_round_altar, nicolae_shop_dragon_depot
D:8:      layout_rooms
D:9:      layout_basic, dpeg_oklobed_lair, uniq_amaemon, uniq_psyche
D:10:     layout_gridville, orc_0_dummy, serial_shops, nicolae_lakefront_shop
D:11:     layout_small_grid
D:12:     layout_grid_maze
Temple:   mainiacjoe_temple_archimedes_tessellation
Lair:1:   hellmonk_ruined_rings, layout_hall_layers, lemuel_fruit_tree,
          serial_bayou_shore_b
Lair:2:   layout_roguey, skrybe_swamp_entry_bodies, grunt_megastairs_5,
          infiniplex_staircase_pool, serial_bayou_shore_a
Lair:3:   layout_gridlike, grunt_megastairs_3
Lair:4:   layout_regular_city, spider_nest_entry_web_field, uniq_nessos
Lair:5:   layout_loops_ring, slime_altar_1, uniq_sonja, uniq_urug
Lair:6:   hellmonk_lair_end_abyssal_woods, layout_regular_city,
          serial_bayou_shore_b, infiniplex_staircase_pool_2, grunt_megastairs_4
Swamp:1:  layout_falls_marsh, hangedman_swamp_blocks, swamp_pool2, uniq_jorgrun
Swamp:2:  layout_basic_swamp, evilmike_swamp_ruin_rubble_1, uniq_donald,
          uniq_roxanne
Swamp:3:  layout_falls_marsh, evilmike_swamp_ruin_house_4
Swamp:4:  swamp_old_school, layout_basic_swamp
Orc:1:    layout_caves
Orc:2:    st_orc_rangers, layout_caves

Skill      XL: |  1  2  3  4  5  6  7  8  9 10 11 12 13 14 15 16 |
---------------+-------------------------------------------------+-----
Short Blades   | 3 4 5 6 7 8 9 |  9.9
Fighting       | 4 5 6 7 8 9 10 11 12 | 12.1
Evocations     | 1 2 3 5 6 7 8 9 10 11 12 | 12.2
Dodging        | 3 4 6 7 8 9 10 11 12 | 12.4
Stealth        | 7 8 9 10 11 12 13 14 15 | 15.8
Invocations    | 1 2 4 5 6 7 8 9 10 | 10.9
Long Blades    | 2 4 5 7 8 9 10 11 | 11.3
Armour         | 1 2 4 5 6 |  6.0

Action                   |  1- 3 |  4- 6 |  7- 9 | 10-12 | 13-15 | 16-18 || total
-------------------------+-------+-------+-------+-------+-------+-------++-------
Melee: Short sword       |    21 |    99 |    10 |    20 |     4 |       ||   154
       Dagger            |       |    26 |   157 |   263 |       |       ||   446
       Punch             |       |       |     5 |     4 |    21 |     1 ||    31
       Quick blade       |       |       |       |    29 |   992 |   121 ||  1142
Invok: Shadow Step       |       |       |       |       |       |     1 ||     1
 Abil: Evoke Invisibilit |       |       |     1 |       |       |       ||     1
Evoke: Wand              |       |       |     2 |     3 |    12 |     1 ||    18
  Use: Scroll            |       |       |    16 |     4 |     8 |       ||    28
       Potion            |       |       |     1 |       |     1 |     2 ||     4
 Stab: Sleeping          |     8 |    28 |    34 |    47 |    89 |    17 ||   223
       Distracted        |       |       |     1 |     2 |     8 |     3 ||    14
       Invisible         |       |       |     1 |       |       |       ||     1
       Paralysed         |       |       |       |       |     1 |       ||     1
Armor: Leather armour    |     2 |    30 |    14 |       |     3 |    10 ||    59
       Robe              |       |       |    18 |     8 |       |       ||    26
       Troll leather arm |       |       |       |     7 |    55 |       ||    62
Dodge: Dodged            |    23 |    52 |    90 |   179 |   528 |    59 ||   931

Table legend: (Time is in decaauts)
 A = Elapsed time spent in this place.
 B = Non-inter-level travel time spent in this place.
 C = Inter-level travel time spent in this place.
 D = Time resting spent in this place.
 E = Time spent auto-exploring this place.
 F = Levels seen in this place.
 G = Mean time per level.
                   A        B        C        D        E       F      G
               +--------+--------+--------+--------+--------+-----+--------+
         Total |  21371 |  18918 |   2453 |   3208 |    295 |  25 |  854.8 |
       Dungeon |  11421 |   9839 |   1582 |   1818 |    198 |  12 |  951.8 |
        Temple |    324 |    287 |     37 |      0 |      0 |   1 |  324.0 |
          Lair |   5993 |   5277 |    716 |    411 |     24 |   6 |  998.8 |
         Swamp |   2104 |   2047 |     57 |    867 |      0 |   4 |  526.0 |
  Orcish Mines |   1528 |   1468 |     60 |    111 |     73 |   2 |  764.0 |
               +--------+--------+--------+--------+--------+-----+--------+

Top non-repeatable levels by time:
  Lair:6: 1690 daAuts
     D:7: 1587 daAuts
     D:6: 1353 daAuts
   Orc:2: 1081 daAuts
     D:4: 1079 daAuts
    D:12: 1002 daAuts
  Lair:2: 990 daAuts
    D:10: 955 daAuts
     D:5: 931 daAuts
  Lair:1: 907 daAuts
  Lair:3: 895 daAuts
     D:8: 889 daAuts
     D:9: 833 daAuts
  Lair:5: 828 daAuts
 Swamp:2: 821 daAuts
